 Dungeon Crawl Stone Soup version 0.29-a0-775-g4d7333d4e2 (webtiles) character file.

Game seed: 1880254885732971126

62 elite277 the Conjurer (level 4, 0/30 HPs)
             Began as a Human Conjurer on July 1, 2022.
             Slain by a goblin
             ... wielding a +0 club
             ... led by Robin
              (2 damage)
             ... on level 2 of the Dungeon.
             The game lasted 00:05:16 (1424 turns).

elite277 the Conjurer (Human Conjurer)              Turns: 1424, Time: 00:05:16

Health: 0/30       AC:  3    Str:  7    XL:     4   Next: 28%
Magic:  3/7        EV: 12    Int: 20    God:
Gold:   93         SH:  0    Dex: 12    Spells: 5/8 levels left

rFire   . . .      SeeInvis .   e - +0 dagger
rCold   . . .      Faith    .   (no shield)
rNeg    . . .      Spirit   .   a - +0 robe
rPois   .          Reflect  .   f - +0 helmet
rElec   .          Harm     .   (no cloak)
rCorr   .          Rampage  .   (no gloves)
Will    .....                   (no boots)
Stlth   ++........              (no amulet)
HPRegen 0.10/turn               (no ring)
MPRegen 0.10/turn               (no ring)

@: flying
A: no striking features
a: no special abilities


You were on level 2 of the Dungeon.
You visited 1 branch of the dungeon, and saw 4 of its levels.

You collected 93 gold pieces.

Inventory:

Hand Weapons
 e - a +0 dagger (weapon)
Missiles
 l - 6 poisoned darts
Armour
 a - a +0 robe (worn)
 f - a +0 helmet (worn)
Scrolls
 i - a scroll of teleportation {unknown}
 j - a scroll of poison {unknown}
 k - a scroll of vulnerability {unknown}
 m - a scroll of magic mapping {unknown}
 n - a scroll of immolation {unknown}
Potions
 b - a potion of magic
 g - a potion of lignification {unknown}
 h - a potion of flight


   Skills:
 + Level 0.3 Short Blades
 + Level 2.4 Dodging
 - Level 2.0 Stealth
 * Level 2.5 Spellcasting
 + Level 4.9 Conjurations


You had 5 spell levels left.
You knew the following spells:

 Your Spells              Type           Power      Damage    Failure   Level
a - Magic Dart            Conj           88%        1d7       1%          1
b - Searing Ray           Conj           44%        2d6       3%          2

Your spell library contained the following spells:

 Spells                   Type           Power      Damage    Failure   Level
 Dazzling Flash           Conj/Hex       24%        N/A       16%         3
 Poisonous Vapours        Pois/Air       4%         N/A       22%         2
 Ozocubu's Armour         Ice            2%         N/A       41%         3
 Fulminant Prism          Conj/Hex       6%         3d7       47%         4
 Iskenderun's Mystic Bla  Conj/Tloc      12%        2d5       47%         4
 Corpse Rot               Necr/Pois/Air  2%         N/A       83%         4
 Ozocubu's Refrigeration  Ice            1%         4d5       100%        7


Dungeon Overview and Level Annotations

Branches:
Dungeon (4/15)
 Temple: D:4-7

Altars:

Annotations:
D:2 Robin


Message History

The searing ray misses the hobgoblin.
The searing ray hits the hobgoblin!
You kill the hobgoblin!
A hobgoblin comes into view.
The goblin closely misses you. x2
The searing ray hits the hobgoblin.
The hobgoblin is heavily wounded.
You finish channelling your searing ray.
A hobgoblin comes into view.
The goblin hits you with a +0 club. The goblin hits you with a +0 dagger.
A hobgoblin comes into view.
It was a potion of flight.
You feel very buoyant.
You fly up into the air.
A goblin comes into view. It is wielding a +0 club.
The goblin closely misses you. The goblin barely misses you.
Okay, then.
The goblin attacks as you move away! The goblin hits you but does no damage.
The goblin hits you with a +0 club. The goblin hits you with a +0 club.
* * * LOW HITPOINT WARNING * * *
The goblin attacks as you move away! The goblin hits you but does no damage.
The goblin attacks as you move away! The goblin closely misses you.
The hobgoblin hits you.
* * * LOW HITPOINT WARNING * * *
The goblin attacks as you move away! The goblin hits you but does no damage.
The hobgoblin attacks as you move away! The hobgoblin misses you.
Robin throws the goblin at you! The goblin hits you with a +0 dagger.
* * * LOW HITPOINT WARNING * * *
As you read the scroll labelled ICSINIAMNE, it crumbles to dust.
You feel a surge of unholy energy.
The goblin convulses! x2
The hobgoblin convulses! x2; The goblin convulses!
The goblin shouts!
The hobgoblin convulses!
Robin convulses!
It was a scroll of torment.
The goblin closely misses you.
A goblin comes into view. It is wielding a +0 club.
The goblin hits you but does no damage. The hobgoblin barely misses you.
As you read the scroll labelled VUAHOQ ZINA, it crumbles to dust.
The scroll dissolves into smoke.
It was a scroll of fog.
The goblin hits you with a +0 club.
You die...

###### #....#
#§§..# ##
####g§..###...#
#.g@g§gg†gg)..+
#§##gg..###...#
#.##§§..# #
#.##..).#
#.##....#
#.####### #.#
#.########
#........#######


You could see Robin, 2 hobgoblins and 2 goblins.

Vanquished Creatures
  3 adders
  A worm (D:2)
  2 dart slugs
  An orc (D:3)
  3 endoplasms
  2 goblins
  5 hobgoblins
  A kobold (D:1)
  2 quokkas
  A ball python (D:4)
  2 bats
  A frilled lizard (D:1)
  A rat (D:3)
25 creatures vanquished.

Notes
Turn   | Place    | Note
-------+----------+-------------------------------------------
     0 | D:1      | elite277 the Human Conjurer began the quest for the Orb.
     0 | D:1      | Reached XP level 1. HP: 13/13 MP: 3/3
   398 | D:1      | Reached XP level 2. HP: 19/19 MP: 0/5
   999 | D:2      | Reached XP level 3. HP: 24/24 MP: 1/6
  1046 | D:2      | You fall into a shaft and drop 2 floors!
  1069 | D:4      | Learned a level 2 spell: Searing Ray
  1289 | D:3      | Reached XP level 4. HP: 29/30 MP: 2/7
  1412 | D:2      | Noticed Robin
  1422 | D:2      | HP: 1/30 [goblin/+0 dagger[Robin] (2)]
  1424 | D:2      | Slain by a goblin

Illustrated notes

Levels and vault maps discovered:
D:1:      nzn_arrival_water_spiral, layout_basic
D:2:      layout_basic, uniq_robin
D:3:      layout_basic, fedhas_altar_1, shapermc_ecumenical_altar_mp_highgroup,
          uniq_grinder
D:4:      layout_loops_ring, uniq_duvessa, uniq_edmund

Action                   |  1- 3 |  4- 6 || total
-------------------------+-------+-------++-------
Melee: Dagger            |    22 |       ||    22
       Punch             |     1 |       ||     1
 Cast: Magic Dart        |    33 |       ||    33
       Searing Ray       |     3 |     2 ||     5
  Use: Scroll            |       |     2 ||     2
       Potion            |       |     1 ||     1
 Stab: Sleeping          |     1 |       ||     1
Armor: Robe              |     8 |     6 ||    14
Dodge: Dodged            |    14 |    10 ||    24

Table legend: (Time is in decaauts)
 A = Elapsed time spent in this place.
 B = Non-inter-level travel time spent in this place.
 C = Inter-level travel time spent in this place.
 D = Time resting spent in this place.
 E = Time spent auto-exploring this place.
 F = Levels seen in this place.
 G = Mean time per level.
                   A        B        C        D        E       F      G
               +--------+--------+--------+--------+--------+-----+--------+
         Total |   1423 |   1423 |      0 |    485 |    548 |   4 |  355.8 |
       Dungeon |   1423 |   1423 |      0 |    485 |    548 |   4 |  355.8 |
               +--------+--------+--------+--------+--------+-----+--------+

Top non-repeatable levels by time:
     D:1: 884 daAuts
     D:3: 224 daAuts
     D:2: 186 daAuts
     D:4: 127 daAuts
